 Dungeon Crawl Stone Soup version 0.28.0-1-gb440e238dd (webtiles) character file.

Game seed: 15041290361619987516

60253 pkoi the Destroyer (level 14, -1/111 HPs)
             Began as a Red Draconian Conjurer on Feb 24, 2022.
             Was a High Priest of Sif Muna.
             Killed from afar by Jorgrun (2 damage)
             ... with an iron shot
             ... while petrified by Jorgrun
             ... on level 13 of the Dungeon.
             The game lasted 00:54:42 (35268 turns).

pkoi the Destroyer (Red Draconian Conjurer)        Turns: 35268, Time: 00:54:43

Health: -1/111     AC: 19    Str: 10    XL:     14   Next: 56%
Magic:  6/24       EV:  2    Int: 29    God:    Sif Muna [*****.]
Gold:   982        SH:  0    Dex: 10    Spells: 1/27 levels left

rFire   + . .      SeeInvis .   j - +4 falchion "Ludum" {spect, Drain Fly Int+6}
rCold   . . .      Faith    .   (no shield)
rNeg    + + +      Spirit   .   (armour unavailable)
rPois   ∞          Reflect  +   (helmet restricted)
rElec   .          Harm     .   O - +2 cloak
rCorr   .          Rampage  .   m - +0 pair of gloves
Will    +....                   F - +2 pair of boots
Stlth   ++........              v - amulet of reflection
HPRegen 0.28/turn               h - +4 ring of slaying
MPRegen 0.19/turn               r - +4 ring of protection

@: short of breath, petrified, flying
A: breathe fire, AC +8, unfitting armour, fire resistance 1, cold-blooded
a: Breathe Fire, Renounce Religion, Channel Magic, Forget Spell, Divine Exegesis


You were on level 13 of the Dungeon.
You worshipped Sif Muna.
Sif Muna was extremely pleased with you.
You visited 2 branches of the dungeon, and saw 19 of its levels.
You also visited: Ossuary and Bailey.

You collected 1615 gold pieces.
You spent 633 gold pieces at shops.

Inventory:

Hand Weapons
 j - the +4 falchion "Ludum" (weapon) {spect, Drain Fly Int+6}
   (You found it on level 2 of the Dungeon)

   When its wielder attacks, the weapon's spirit leaps out and strikes again.
   The spirit shares a part of any damage it takes with its wielder.
   Int:       It affects your intelligence (+6).
   Fly:       It grants you flight.
   Drain:     It drains your maximum health when unequipped.
 K - a +1 dagger of venom
Missiles
 o - 17 curare-tipped darts
 I - 2 throwing nets
Armour
 m - a +0 pair of gloves (worn)
 F - a +2 pair of boots (worn)
 J - an orb of mayhem
 O - a +2 cloak (worn)
Jewellery
 h - a +4 ring of slaying (left hand)
 r - a +4 ring of protection (right hand)
 v - an amulet of reflection (around neck)
 E - an amulet of faith
 G - a +4 ring of evasion
 N - a ring of resist corrosion
Wands
 c - a wand of iceblast (37)
 e - a wand of polymorph (17)
 f - a wand of acid (3)
 l - a wand of paralysis (10)
 u - a wand of digging (5)
 C - a wand of charming (11)
 M - a wand of mindburst (7)
Scrolls
 a - 8 scrolls of teleportation
 b - 2 scrolls of holy word
 k - 2 scrolls of fog
 n - a scroll of summoning
 q - 2 scrolls of blinking
 w - a scroll of amnesia
 x - a scroll of silence
 L - 2 scrolls of fear
 Q - 2 scrolls of enchant weapon
Potions
 d - 5 potions of brilliance
 g - 4 potions of heal wounds
 i - 8 potions of curing
 p - 3 potions of haste
 s - a potion of berserk rage
 t - a potion of cancellation
 z - a potion of might
 A - a potion of resistance
 B - 4 potions of lignification
 D - 2 potions of invisibility
 H - a potion of magic
Miscellaneous
 y - a lightning rod (4/4)


   Skills:
 - Level 6.6 Fighting
 - Level 12.0 Long Blades
 - Level 6.0 Dodging
 - Level 1.7 Stealth
 - Level 7.0 Spellcasting
 + Level 14.5 Conjurations
 - Level 9.8 Translocations
 - Level 12.9 Fire Magic
 + Level 3.1 Air Magic


You had one spell level left.
You knew the following spells:

 Your Spells              Type           Power      Damage    Failure   Level
a - Magic Dart            Conj           100%       1d8       0%          1
b - Searing Ray           Conj           100%       2d8       1%          2
c - Iskenderun's Mystic   Conj/Tloc      69%        2d14      1%          4
d - Flame Wave            Conj/Fire      74%        2d13      1%          4
e - Swiftness             Air            28%        N/A       4%          3
f - Iskenderun's Battles  Conj           76%        2d12      1%          5
g - Orb of Destruction    Conj           38%        9d11      11%         7

Your spell library contained the following spells:

 Spells                   Type           Power      Damage    Failure   Level
 Foxfire                  Conj/Fire      100%       2x1d9     1%          1
 Shock                    Conj/Air       100%       1d9       1%          1
 Static Discharge         Conj/Air       57%        N/A       1%          2
 Conjure Flame            Conj/Fire      74%        6-21      1%          3
 Dazzling Flash           Conj/Hex       100%       N/A       1%          3
 Inner Flame              Hex/Fire       47%        N/A       1%          3
 Sticky Flame             Conj/Fire      74%        2d9       1%          4
 Fulminant Prism          Conj/Hex       25%        3d14      2%          4
 Irradiate                Conj/Tmut      25%        3d22      7%          5
 Ensorcelled Hibernation  Hex/Ice        20%        N/A       8%          2
 Freezing Cloud           Conj/Ice/Air   22%        6-21      13%         5
 Airstrike                Air            14%        N/A       14%         4
 Spider Form              Tmut/Pois      10%        N/A       16%         3
 Summon Forest            Summ/Tloc      19%        N/A       19%         5
 Iron Shot                Conj/Erth      25%        9d5       36%         6
 Anguish                  Hex/Necr       5%         N/A       45%         4
 Blade Hands              Tmut           5%         N/A       80%         5
 Summon Mana Viper        Hex/Summ       10%        N/A       80%         5
 Summon Cactus Giant      Summ           5%         N/A       100%        6
 Dragon Form              Tmut           5%         N/A       100%        7


Dungeon Overview and Level Annotations

Branches:
Dungeon (13/15)            Temple (0/1) D:7            Lair (6/6) D:10
  Swamp (0/4) Lair:2        Snake (0/4) Lair:4        Slime (0/5) Lair:6
    Orc (0/2) D:12        Ossuary (visited)          Bailey (visited)
 Vaults: D:13-14

Altars:
Ashenzari
Fedhas
Hepliaklqana
Sif Muna
Trog
Wu Jian
Xom

Shops:
D:1 (*?   D:5 *   D:11 :

Annotations:
D:5 3 runed translucent doors, DemonSlayer's ghost, novice DECj
D:13 Jorgrun
Lair:5 2 transporters, Panli's ghost, journeyman CeAM


Innate Abilities, Weirdness & Mutations

You can breathe blasts of fire.
Your fiery red scales are hard. (AC +8)
You cannot fit into any form of body armour.
Your flesh is heat resistant. (rF+)
You are cold-blooded and may be slowed by cold attacks.


Message History

Casting: Iskenderun's Mystic Blast (safe; 1% risk of failure)
Confirm with . or Enter, or press ? or * to list all spells.
You erupt in a blast of force!
The mystic blast hits Jorgrun!
Jorgrun is severely wounded.
Jorgrun is knocked back by the mystic blast.
Jorgrun slams into the rock wall!
Jorgrun is severely wounded.
The grasping roots constrict you!
* * * LOW HITPOINT WARNING * * *
You have turned to stone.
Jorgrun casts a spell at you. The grasping roots constrict you.
* * * LOW HITPOINT WARNING * * *
Jorgrun gestures next to you while chanting.
Some rock shatters into small pieces.
The grasping roots constrict you!
* * * LOW HITPOINT WARNING * * *
The grasping roots constrict you.
* * * LOW HITPOINT WARNING * * *
Jorgrun hits you with a staff of earth.
* * * LOW HITPOINT WARNING * * *
The grasping roots constrict you!
* * * LOW HITPOINT WARNING * * *
Jorgrun gestures next to you while chanting.
The wall shatters!
The blast of rock fragments hits you!
* * * LOW HITPOINT WARNING * * *
The grasping roots constrict you!
* * * LOW HITPOINT WARNING * * *
Jorgrun hits you with a staff of earth.
* * * LOW HITPOINT WARNING * * *
The grasping roots constrict you!
* * * LOW HITPOINT WARNING * * *
Jorgrun points next to you and mumbles some strange words.
The wall shatters!
The blast of rock fragments hits you but does no damage.
The grasping roots constrict you!
* * * LOW HITPOINT WARNING * * *
The grasping roots release their grip on you.
Jorgrun casts a spell at you. The iron shot hits you.
You die...

...###### .........
############# )###.....
##...........# ..##.####
#............# ..##.#
#...........# ..##.# ##
#...........# ..##.#########.#
#..<........#
...........##...##...........#
#..........#.#.g@#...........#
#..................#########.#
#.############.#...# #.# #.#
#.#....# #.# #.# # #.....# #.#
#☼# #...#..# #.# #<# #...##.#
#.# #.# #...# ## #.# #.# #...#
#.#


You could see Jorgrun.

Vanquished Creatures
  4 two-headed ogres
  An ogre mage (D:10)
  A centaur warrior (D:13)
  Harold (D:9)
  A boulder beetle (D:10)
  8 hydras
  3 death yaks (Lair:5)
  Sonja (Lair:2)
  Nergalle (Lair:2)
  2 orc knights (Bailey)
  A lindwurm (Lair:6)
  An ugly thing (D:9)
  3 manticores
  17 elephants
  A black mamba (shapeshifter) (D:10)
  A guardian serpent (Lair:4)
  2 black mambas
  22 cane toads
  3 gargoyles
  An unseen horror (D:11)
  A yaktaur (D:12)
  2 kobold demonologists (D:12)
  9 komodo dragons
  4 rime drakes
  2 polar bears
  A tyrant leech (Lair:2)
  3 trolls
  22 blink frogs
  A hornet (D:9)
  Prince Ribbit (D:7)
  5 dream sheep
  A meliai zombie (D:10)
  A wraith (D:9)
  2 vampires
  6 wyverns
  44 yaks
  4 basilisks
  3 vampire mosquitoes (D:12)
  A steam dragon (Lair:6)
  3 acid dragons
  15 water moccasins
  2 swamp drakes (Lair:6)
  Duvessa (D:7)
  An ice beast (D:8)
  8 orc warriors
  A sky beast (D:5)
  4 ogres
  5 necrophages
  33 wolves
  7 centaurs
  8 kobold brigands
  13 bullfrogs
  A scorpion (D:6)
  3 elf skeletons (D:6)
  Dowan (D:7)
  2 water moccasin skeletons (D:5)
  7 jellies
  9 wights (D:9)
  6 killer bees (D:8)
  2 howler monkeys
  2 centaur zombies
  5 hounds
  4 orc priests
  Crazy Yiuf (D:7)
  4 iguanas
  3 centaur skeletons
  A gnoll shaman (D:9)
  A bullfrog skeleton (D:5)
  Ijyb (D:3)
  10 hell rats
  3 human skeletons (D:6)
  4 orc wizards
  8 mummies (Ossuary)
  8 adders
  9 gnolls
  An ufetubus (D:5)
  2 worms
  2 dart slugs
  28 orcs
  4 endoplasms
  A giant cockroach (D:2)
  A gnoll zombie (Ossuary)
  6 goblins
  6 hobgoblins
  7 jackals
  15 kobolds
  2 quokkas
  8 ball pythons
  3 bats
  2 frilled lizards (D:3)
  2 hobgoblin zombies (Ossuary)
  3 kobold zombies (Ossuary)
  2 orc zombies (Ossuary)
  8 rats
487 creatures vanquished.

Vanquished Creatures (others)
  61 fungi
  66 plants
127 creatures vanquished.

Grand Total: 614 creatures vanquished

Notes
Turn   | Place    | Note
-------+----------+-------------------------------------------
     0 | D:1      | pkoi the Draconian Conjurer began the quest for the Orb.
     0 | D:1      | Reached XP level 1. HP: 14/14 MP: 3/3
    95 | D:1      | Found Mitebron's Magic Scroll Emporium.
   502 | D:1      | Found Howuid's Antique Weapon Shop.
   515 | D:1      | Reached XP level 2. HP: 20/20 MP: 3/5
   900 | D:1      | Found Ihix's Assorted Antiques.
  2222 | D:2      | Learned a level 2 spell: Searing Ray
  2548 | D:2      | Reached skill level 5 in Conjurations
  2605 | D:2      | Reached XP level 3. HP: 26/26 MP: 1/6
  3047 | D:2      | Identified the +4 falchion "Ludum" {spect, Drain Fly Int+6}
  3066 | D:2      | Reached XP level 4. HP: 33/33 MP: 7/7
  3328 | D:2      | Found a faded altar of an unknown god.
  3510 | D:3      | Noticed Ijyb
  3519 | D:3      | Killed Ijyb
  3520 | D:3      | Reached skill level 6 in Conjurations
  3556 | D:3      | Reached XP level 5. HP: 38/38 MP: 8/8
  3879 | D:3      | Reached skill level 7 in Conjurations
  4350 | D:3      | Learned a level 4 spell: Iskenderun's Mystic Blast
  4489 | D:4      | Reached XP level 6. HP: 45/45 MP: 5/9
  4547 | D:4      | Reached skill level 1 in Translocations
  4971 | D:4      | Your scales start taking on a fiery red colour.
  4971 | D:4      | Reached XP level 7. HP: 48/50 MP: 11/11
  4971 | D:4      | Gained mutation: Your flesh is heat resistant. (rF+) [Red
                  | Draconian growth]
  4993 | D:4      | Found a bloodstained altar of Trog.
  4998 | D:4      | Found a broken altar of Ashenzari.
  5001 | D:4      | Found a hazy altar of Hepliaklqana.
  5032 | D:5      | Entered Level 5 of the Dungeon
  5040 | D:5      | Found Joovuott's Assorted Antiques.
  5047 | D:5      | Bought a scroll labelled GAITOENEAH for 26 gold pieces
  5047 | D:5      | Bought a scroll labelled YFOJIT TAM for 26 gold pieces
  5047 | D:5      | Bought a black potion for 23 gold pieces
  5047 | D:5      | Bought an amethyst potion for 23 gold pieces
  5076 | D:5      | Reached skill level 1 in Fighting
  5234 | D:5      | Reached skill level 1 in Long Blades
  5652 | D:5      | Found a blossoming altar of Fedhas.
  5686 | D:5      | Reached skill level 8 in Conjurations
  5686 | D:5      | Reached XP level 8. HP: 50/61 MP: 13/13
  5984 | D:5      | Found a runed translucent gate.
  5984 | D:5      | Found a runed translucent gate.
  5984 | D:5      | Found a runed translucent gate.
  5984 | D:5      | Noticed DemonSlayer's ghost (novice DECj)
  6730 | D:6      | Reached XP level 9. HP: 70/71 MP: 15/15
  6788 | D:6      | Found a sand-covered staircase.
  6795 | Ossuary  | Entered an ossuary
  8117 | D:6      | Found an ornate altar of the Wu Jian Council.
  8641 | D:5      | Bought a pair of runed boots for 195 gold pieces
  9042 | D:7      | Noticed Prince Ribbit
  9063 | D:7      | Killed Prince Ribbit
  9150 | D:7      | Noticed Duvessa
  9155 | D:7      | Noticed Dowan
  9158 | D:7      | Killed Duvessa
  9159 | D:7      | Reached skill level 5 in Spellcasting
  9176 | D:7      | Killed Dowan
  9437 | D:7      | Found a shimmering blue altar of Sif Muna.
  9449 | D:7      | Became a worshipper of Sif Muna the Loreminder
  9468 | D:7      | Reached skill level 9 in Conjurations
  9468 | D:7      | Reached skill level 5 in Translocations
  9531 | D:7      | Found a staircase to the Ecumenical Temple.
  9619 | D:7      | Found a runed translucent door.
  9620 | D:7      | Noticed Crazy Yiuf
  9660 | D:7      | Reached skill level 5 in Fighting
 10266 | D:7      | Killed Crazy Yiuf
 10745 | D:8      | Reached XP level 10. HP: 62/81 MP: 10/18
 11019 | D:8      | Found a flagged portal.
 11025 | Bailey   | Entered a bailey
 11051 | Bailey   | Learned a level 4 spell: Flame Wave
 11345 | Bailey   | Reached skill level 5 in Dodging
 11349 | Bailey   | Reached skill level 1 in Fire Magic
 11488 | Bailey   | Noticed an orc knight
 11517 | Bailey   | Killed an orc knight
 11518 | Bailey   | Reached skill level 5 in Long Blades
 11601 | Bailey   | Noticed an orc knight
 11622 | Bailey   | Killed an orc knight
 11953 | Bailey   | Found an iron altar of Okawaru.
 12324 | D:9      | Noticed a brown ugly thing
 12337 | D:9      | Killed a brown ugly thing
 12473 | D:9      | Reached * piety under Sif Muna
 12677 | D:9      | Noticed a two-headed ogre
 12681 | D:9      | Noticed Harold
 12844 | D:9      | Paralysed by a hornet for 1 turns
 13209 | D:9      | Killed a two-headed ogre
 13210 | D:9      | Reached XP level 11. HP: 72/91 MP: 20/20
 13406 | D:9      | Killed Harold
 13407 | D:9      | Reached skill level 10 in Conjurations
 14063 | D:10     | Entered Level 10 of the Dungeon
 14190 | D:10     | Found a staircase to the Lair.
 14226 | D:10     | Reached skill level 5 in Fire Magic
 15094 | D:10     | Noticed a boulder beetle
 15391 | Lair:1   | Entered Level 1 of the Lair of Beasts
 15643 | Lair:1   | Noticed an eight-headed hydra
 15676 | Lair:1   | Reached ** piety under Sif Muna
 15967 | Lair:1   | Killed an eight-headed hydra
 15995 | D:10     | Noticed an ogre mage
 16326 | D:10     | Identified the +1 plate armour of Responsibility {rN+}
 16326 | D:10     | Noticed a death knight
 16541 | D:10     | Killed an ogre mage
 16542 | D:10     | Reached skill level 11 in Conjurations
 16703 | D:10     | Killed a boulder beetle
 18054 | Lair:1   | Noticed a four-headed hydra
 18075 | Lair:1   | Killed a four-headed hydra
 18449 | Lair:1   | Reached XP level 12. HP: 57/97 MP: 16/21
 20174 | Lair:2   | Noticed a four-headed hydra
 20199 | Lair:2   | Killed a four-headed hydra
 20859 | Lair:2   | Noticed Nergalle
 20866 | Lair:2   | Killed Nergalle
 21389 | Lair:2   | Found a staircase to the Swamp.
 21480 | Lair:2   | Reached skill level 12 in Conjurations
 21621 | Lair:2   | Noticed Sonja
 21629 | Lair:2   | Killed Sonja
 23057 | Lair:3   | Reached skill level 10 in Fire Magic
 23624 | Lair:3   | Reached skill level 10 in Long Blades
 24509 | Lair:4   | Reached *** piety under Sif Muna
 24963 | Lair:4   | Reached XP level 13. HP: 100/103 MP: 22/22
 25310 | Lair:4   | Found a staircase to the Snake Pit.
 25862 | Lair:4   | Found a shimmering altar of Xom.
 26243 | Lair:5   | Reached skill level 13 in Conjurations
 27342 | Lair:5   | Reached **** piety under Sif Muna
 27731 | Lair:5   | Found a transporter.
 27733 | Lair:5   | Found a transporter.
 27758 | Lair:5   | Noticed Panli's ghost (journeyman CeAM)
 27891 | Lair:5   | Found a bloodstained altar of Trog.
 28261 | Lair:6   | Entered Level 6 of the Lair of Beasts
 30266 | Lair:5   | Reached XP level 14. HP: 102/111 MP: 23/23
 30927 | Lair:6   | Found a staircase to the Slime Pits.
 31061 | Lair:6   | Reached skill level 14 in Conjurations
 31171 | Lair:6   | Reached ***** piety under Sif Muna
 32013 | D:1      | Bought an ancient fustibalus for 340 gold pieces
 32013 | D:1      | Identified the +6 fustibalus "Wovaoph" {flame, rElec rCorr}
                  | (You bought it in a shop on level 1 of the Dungeon)
 33002 | D:11     | Received a gift from Sif Muna
 33031 | D:11     | Got Sif Muna's Almanac of Conjuration {god gift}
 33039 | D:11     | Learned a level 3 spell: Swiftness
 33323 | D:11     | Found Udoedupn's Book Shop.
 33657 | D:11     | Learned a level 5 spell: Iskenderun's Battlesphere
 33766 | D:12     | Reached skill level 1 in Air Magic
 34247 | D:11     | Learned a level 7 spell: Orb of Destruction
 34534 | D:12     | Found a staircase to the Orcish Mines.
 35118 | D:13     | Noticed Jorgrun
 35267 | D:13     | HP: 1/111 [constriction (5)]
 35268 | D:13     | Killed from afar by Jorgrun

Illustrated notes

Levels and vault maps discovered:
D:1:      heliophobic_arrival_battle_scene, layout_basic, serial_shops,
          nicolae_shop_statue_plus, shop, nicolae_shop_crystal,
          kennysheep_decorative_pillar
D:2:      layout_basic, shapermc_ecumenical_altar_hornbeckon
D:3:      layout_rooms, st_stairs_13, hangedman_abyss_or_decor_stabs, uniq_ijyb
D:4:      layout_gridville, minmay_overflow_temple_star_quad
D:5:      layout_basic, overflow_temple_1_default,
          gammafunk_ghost_nasty_kobolds, serial_shops, shop
D:6:      layout_loops_ring, nicolae_wu_jian_immortal_techniques,
          nicolae_ossuary_entry_catacombs, serial_glass, glass_columns_c,
          glass_columns_a, grunt_decor_cap
D:7:      layout_loops_corners, amcnicky_altar_gilded,
          minmay_temple_entry_wispy, uniq_prince_ribbit1, uniq_duvessa,
          uniq_crazy_yiuf_cottage
D:8:      layout_basic, enter_bailey_4
D:9:      layout_grid_maze, uniq_harold
D:10:     minmay_the_grid_octo_triangle [minmay_the_grid_octo_checkered,
          minmay_the_grid_octo_prize_single_spiral, minmay_the_grid_octo_empty],
          layout_loops_ring, lair_entry_dummy, minmay_misc_feat_tiny
D:11:     layout_roguey, portal_ice_cave_entry_pillars_2, serial_shops,
          nicolae_shop_trees
D:12:     layout_cave_pools, orc_0_dummy
D:13:     layout_small_grid, david_vaults_5, uniq_maurice, uniq_jorgrun
Lair:1:   layout_hall_layers
Lair:2:   layout_cave_pods, minmay_swamp_entry_worms, uniq_nergalle, uniq_sonja
Lair:3:   layout_regular_city, lemuel_fruit_tree, grunt_megastairs_1
Lair:4:   layout_layer_cave, minmay_snake_entry_spellcaster, basic_altar
Lair:5:   layout_roguey, gammafunk_ghost_wrathful_warriors, beast_lair_carwin_6
Lair:6:   guppyfry_lair_end_dragon, layout_layer_cave,
          minmay_slime_entry_pillars, minivault_19

Skill      XL: |  1  2  3  4  5  6  7  8  9 10 11 12 13 14 |
---------------+-------------------------------------------+-----
Conjurations   | 5 6 7 8 9 11 12 13 14 | 14.5
Translocations | 2 3 4 5 6 7 9 |  9.8
Spellcasting   | 3 4 5 6 7 |  7.0
Dodging        | 2 3 4 5 6 |  6.0
Fighting       | 2 3 5 6 |  6.6
Long Blades    | 2 3 4 6 8 10 11 12 | 12.0
Fire Magic     | 4 7 10 12 | 12.9
Air Magic      | 3 |  3.1
Stealth        | |  1.7

Action                   |  1- 3 |  4- 6 |  7- 9 | 10-12 | 13-15 || total
-------------------------+-------+-------+-------+-------+-------++-------
Melee: Unarmed           |    15 |       |       |       |       ||    15
       Tailslap          |     9 |     9 |    17 |    38 |    53 ||   126
       Dagger            |    30 |       |       |       |       ||    30
       Falchion          |     2 |    57 |   117 |   193 |   274 ||   643
       Punch             |       |       |     1 |       |     7 ||     8
 Cast: Magic Dart        |    60 |    36 |   104 |    46 |    68 ||   314
       Searing Ray       |       |       |    10 |    10 |       ||    20
       Iskenderun's Myst |       |       |       |    89 |    85 ||   174
       Iskenderun's Batt |       |       |       |       |    12 ||    12
 Abil: Breathe Fire      |       |       |     5 |    32 |    26 ||    63
Evoke: Wand              |       |       |       |     1 |       ||     1
  Use: Potion            |       |     2 |       |     1 |       ||     3
       Scroll            |       |       |    19 |     9 |     3 ||    31
 Stab: Distracted        |       |     1 |     2 |     2 |     3 ||     8
       Sleeping          |       |     1 |       |       |       ||     1
Armor: Skin              |    16 |    18 |    42 |   119 |   169 ||   364
Dodge: Dodged            |    62 |    34 |    73 |   162 |   188 ||   519
Block: Other             |       |       |    12 |    57 |    71 ||   140
       Reflection        |       |       |       |     4 |     2 ||     6
       Orb               |       |       |       |     2 |       ||     2
